 Dungeon Crawl Stone Soup version 0.28-a0-561-gc72452776e (webtiles) character file.

Game seed: 14148369622476118440

3304 Conn the Firebug (level 10, 0/59 HPs)
             Began as an Octopode Fire Elementalist on Sept 29, 2021.
             Was an Initiate of Sif Muna.
             Engulfed by a cloud of flame (22 damage)
             ... on level 8 of the Dungeon.
             The game lasted 00:17:33 (8469 turns).

Conn the Firebug (Octopode Fire Elementalist)       Turns: 8469, Time: 00:17:33

Health: 0/59       AC:  5    Str:  9    XL:     10   Next: 1%
Magic:  8/21       EV: 13    Int: 20    God:    Sif Muna [......]
Gold:   638        SH:  0    Dex: 12    Spells: 3/23 levels left

rFire   . . .      SeeInvis .   n - +2 flail (protect)
rCold   + . .      Faith    .   (no shield)
rNeg    . . .      Spirit   .   (helmet restricted)
rPois   .          Reflect  .   (no amulet)
rElec   .          Harm     .   d - ring of resist corrosion
rCorr   +          Rampage  .   m - +4 ring of protection
Will    .....                   x - ring of protection from cold
Stlth   ++++......              (no ring)
HPRegen 0.19/turn               (no ring)
MPRegen 0.17/turn               (no ring)
                                (no ring)
                                (no ring)

@: no status effects
A: almost no armour, amphibious, 8 rings, camouflage 1, gelatinous body 1,
(nimble swimmer 1), tentacles
a: Renounce Religion


You were on level 8 of the Dungeon.
You worshipped Sif Muna.
Sif Muna was noncommittal.
You visited 2 branches of the dungeon, and saw 9 of its levels.
You also visited: Ossuary.

You collected 638 gold pieces.

Inventory:

Hand Weapons
 n - a +2 flail of protection (weapon)
Missiles
 h - 5 javelins
 y - a throwing net
Magical Staves
 k - a staff of death
Jewellery
 d - a ring of resist corrosion (left tentacle)
 m - a +4 ring of protection (right tentacle)
 x - a ring of protection from cold (on tentacle)
Scrolls
 b - a scroll of noise {unknown}
 c - a scroll of vulnerability
 i - 5 scrolls of teleportation
 o - a scroll of blinking
 s - a scroll of fear
 z - a scroll of enchant armour
Potions
 a - 3 potions of might
 f - a potion of resistance
 g - 3 potions of berserk rage
 j - 5 potions of curing
 l - 5 potions of heal wounds
 p - 3 potions of brilliance
 q - 3 potions of mutation {unknown}
 r - 2 potions of flight {unknown}
 v - a potion of degeneration {unknown}
 w - 2 potions of attraction {unknown}


   Skills:
 + Level 1.4 Fighting
 + Level 3.6 Maces & Flails
 + Level 0.1(2.1) Staves
 + Level 3.2 Dodging
 + Level 6.2 Stealth
 + Level 7.4 Spellcasting
 + Level 6.0 Conjurations
 + Level 1.9 Hexes
 + Level 7.5 Fire Magic


You had 3 spell levels left.
You knew the following spells:

 Your Spells              Type           Power      Damage    Failure   Level
a - Foxfire               Conj/Fire      100%       2x1d9     1%          1
b - Conjure Flame         Conj/Fire      34%        6-21      1%          3
c - Inner Flame           Hex/Fire       26%        N/A       4%          3
d - Flame Wave            Conj/Fire      34%        3d7       5%          4
e - Scorch                Fire           74%        2d8       1%          2
f - Sticky Flame          Conj/Fire      34%        2d5       5%          4
g - Ignite Poison         Fire/Tmut/Pois 17%        N/A       10%         3

Your spell library contained the following spells:

 Spells                   Type           Power      Damage    Failure   Level
 Beastly Appendage        Tmut           14%        N/A       9%          1
 Wereblood                Tmut           7%         N/A       14%         2
 Spider Form              Tmut/Pois      3%         N/A       26%         3


Dungeon Overview and Level Annotations

Branches:
Dungeon (8/15)             Temple (1/1) D:7         Ossuary (visited)
   Lair: D:8-11

Altars:
Ashenzari
Dithmenos
Gozag
Hepliaklqana
Qazlal
Sif Muna
Trog
Uskayaw
Vehumet
Yredelemnul
Zin

Shops:
D:4 *


Innate Abilities, Weirdness & Mutations

You cannot wear most types of armour.
You are amphibious.
You can wear up to eight rings at the same time.
Your skin changes colour to match your surroundings (Stealth+).
Your rubbery body absorbs attacks. (AC +1, EV +1)
((You are camouflaged near water. (Stealth+)))
You have tentacles for arms and can constrict up to eight enemies at once.


Message History

The vampire mosquito draws strength from your injuries!
The vampire mosquito bites you.
The vampire mosquito draws strength from your injuries!
The vampire mosquito barely misses you.
The vampire mosquito closely misses you.
Okay, then.
Okay, then.
Okay, then.
You feel much better. The vampire mosquito barely misses you.
The vampire mosquito bites you but does no damage.
The vampire mosquito misses you. The vampire mosquito bites you.
The vampire mosquito draws strength from your injuries!
The vampire mosquito bites you.
The vampire mosquito draws strength from your injuries!
The vampire mosquito bites you but does no damage.
The vampire mosquito bites you.
The vampire mosquito draws strength from your injuries!
Casting: Inner Flame (dangerous; 4% risk of failure)
Confirm with . or Enter, or press ? or * to list all spells.
Casting: Flame Wave (dangerous; 5% risk of failure)
Press: ? - help, Dir - look around, f - activate A wave of flame ripples out!
The flame wave engulfs the vampire mosquito!
Sif Muna accepts your kill.
The flame wave engulfs the vampire mosquito.
The vampire mosquito is moderately damaged.
The flame wave engulfs the vampire mosquito!
The vampire mosquito is heavily damaged.
The flame wave engulfs the vampire mosquito!
The vampire mosquito is almost destroyed. (Press . to intensify the flame waves.)
The vampire mosquito explodes!
The fiery explosion engulfs the vampire mosquito!!
You destroy the vampire mosquito!
Sif Muna accepts your kill.
The fiery explosion engulfs the vampire mosquito!!!
You destroy the vampire mosquito!
Sif Muna accepts your kill. The fiery explosion engulfs you!!
You are engulfed in blazing flames.
You die...

.....# . #....#
#........§.##....#
#...##.....##....#
#...##.....##....#
#...##........(..#
#...##.....##...!#
#..........##†@y.##...
#............§§.......
#...........§§§.......
#<..##.....##.<.....(.
#...##.....##.........
#+####......#.........
#......#.|.......
#......#....##...
#......#....# ...


You could see a vampire mosquito.

Vanquished Creatures
  Pikel (D:7)
  2 trolls (D:7)
  3 vampire mosquitoes (D:8)
  A steam dragon (D:6)
  A black bear (D:5)
  3 necrophages
  A hornet zombie (D:7)
  2 centaurs
  An ogre (D:5)
  A bullfrog (D:7)
  2 elf skeletons (D:6)
  An elf zombie (D:6)
  4 scorpions
  2 water moccasin zombies
  3 killer bees (D:5)
  5 wights (D:7)
  A howler monkey (D:4)
  A bullfrog zombie (D:6)
  2 hounds
  2 bullfrog skeletons (D:6)
  3 orc priests (D:7)
  3 jellies
  4 iguanas
  A howler monkey skeleton (D:6)
  8 mummies (Ossuary)
  A howler monkey zombie (D:5)
  6 adders
  A white imp (D:5)
  2 ufetubi
  A worm (D:4)
  2 dart slugs
  7 orcs
  4 ball pythons
  7 endoplasms
  3 giant cockroaches (D:2)
  3 gnoll zombies (Ossuary)
  2 goblins (D:2)
  8 hobgoblins
  2 jackals (D:4)
  2 quokkas (D:2)
  3 bats (D:3)
  2 frilled lizards
  2 hobgoblin zombies (Ossuary)
  A kobold (D:3)
  3 kobold zombies (Ossuary)
  2 orc skeletons (D:6)
  An orc zombie (D:6)
  3 rats
126 creatures vanquished.

Vanquished Creatures (collateral kills)
  2 foxfires (D:3)
2 creatures vanquished.

Vanquished Creatures (others)
  541 foxfires
  A plant (D:3)
542 creatures vanquished.

Grand Total: 670 creatures vanquished

Notes
Turn   | Place    | Note
-------+----------+-------------------------------------------
     0 | D:1      | Conn the Octopode Fire Elementalist began the quest for the
                  | Orb.
     0 | D:1      | Reached XP level 1. HP: 11/11 MP: 3/3
   383 | D:1      | Reached XP level 2. HP: 11/17 MP: 0/5
  1096 | D:2      | Reached XP level 3. HP: 19/21 MP: 0/6
  1792 | D:2      | Reached XP level 4. HP: 21/27 MP: 4/7
  3257 | D:4      | Reached XP level 5. HP: 31/31 MP: 4/9
  3572 | D:4      | Found Daompul's General Store.
  3798 | D:4      | You fall into a shaft and drop 3 floors!
  3810 | D:7      | Found a hide-covered altar of Uskayaw.
  3821 | D:7      | Reached XP level 6. HP: 36/36 MP: 2/11
  3860 | D:7      | Reached skill level 1 in Maces & Flails
  4121 | D:7      | Reached XP level 7. HP: 36/42 MP: 3/12
  4245 | D:7      | Learned a level 3 spell: Conjure Flame
  4249 | D:7      | Learned a level 3 spell: Inner Flame
  4254 | D:7      | Learned a level 4 spell: Flame Wave
  4264 | D:7      | Noticed Pikel
  4270 | D:7      | Killed Pikel
  4271 | D:7      | Reached skill level 5 in Fire Magic
  4271 | D:7      | Reached XP level 8. HP: 47/47 MP: 5/15
  4410 | D:7      | Noticed a troll
  4417 | D:7      | Killed a troll
  4418 | D:7      | Reached skill level 5 in Spellcasting
  4482 | D:7      | Reached skill level 1 in Hexes
  4588 | D:7      | Reached skill level 5 in Stealth
  4865 | D:6      | Found a sand-covered staircase.
  4873 | D:6      | Reached skill level 5 in Conjurations
  4873 | D:6      | Reached XP level 9. HP: 52/52 MP: 12/18
  4881 | Ossuary  | Entered an ossuary
  5814 | D:5      | Entered Level 5 of the Dungeon
  5994 | D:5      | Found a glowing silver altar of Zin.
  6066 | D:5      | Reached skill level 1 in Fighting
  6545 | D:3      | Learned a level 2 spell: Scorch
  6950 | D:5      | Found a stormy altar of Qazlal.
  7578 | D:6      | Learned a level 4 spell: Sticky Flame
  7582 | D:6      | Learned a level 3 spell: Ignite Poison
  7976 | D:7      | Found a staircase to the Ecumenical Temple.
  7989 | Temple   | Entered the Ecumenical Temple
  7996 | Temple   | Became a worshipper of Sif Muna the Loreminder
  8087 | D:7      | Noticed a troll
  8094 | D:7      | Killed a troll
  8095 | D:7      | Reached XP level 10. HP: 59/59 MP: 13/21
  8179 | D:7      | Found a bloodstained altar of Trog.
  8469 | D:8      | Engulfed by a cloud of flame

Illustrated notes

Levels and vault maps discovered:
D:1:      heliophobic_arrival_battle_scene, layout_loops_ring
D:2:      layout_loops_ring
D:3:      layout_basic, serial_forest, infiniplex_forest_clump_medium,
          infiniplex_forest_lined_room_2, infiniplex_forest_clump_medium,
          infiniplex_forest_lined_1, infiniplex_forest_straight_2,
          infiniplex_forest_clump_small, infiniplex_forest_clump_tiny
D:4:      layout_basic, serial_shops, nicolae_shop_competitors_out_of_business
D:5:      layout_loops_ring, zin_treasury,
          mainiacjoe_overflow_concentric_impassable, grunt_ministairs_5,
          kennysheep_generic_room_7
D:6:      layout_cave_pools, nicolae_ossuary_entry_catacombs
D:7:      layout_gridville, eat_drink_and_be_merry_uskayaw,
          mainiacjoe_overflow_six_doors_small, minmay_temple_entry_poolview,
          nrook_loot_triangle, uniq_pikel
D:8:      layout_gridville, nicolae_shop_gadgets
Temple:   cyrus_circular_temple

Skill      XL: |  1  2  3  4  5  6  7  8  9 |
---------------+----------------------------+-----
Stealth        | 3 4 5 6 |  6.2
Fire Magic     | 4 5 6 7 |  7.5
Spellcasting   | 3 4 6 7 |  7.4
Conjurations   | 2 3 4 5 6 |  6.0
Maces & Flails | 1 2 3 |  3.6
Hexes          | 1 |  1.9
Fighting       | 1 |  1.4
Dodging        | 3 |  3.2
Staves         | |  0.1

Action                   |  1- 3 |  4- 6 |  7- 9 | 10-12 || total
-------------------------+-------+-------+-------+-------++-------
Melee: Unarmed           |     4 |       |       |       ||     4
       Tentacles         |     2 |       |    14 |       ||    16
       Constrict         |     4 |     3 |    13 |       ||    20
       Staff             |     6 |     3 |       |       ||     9
       Flail             |       |     8 |    59 |     1 ||    68
 Cast: Foxfire           |    50 |    95 |   162 |     4 ||   311
       Inner Flame       |       |       |    10 |     1 ||    11
       Flame Wave        |       |       |     1 |     1 ||     2
       Conjure Flame     |       |       |     1 |       ||     1
       Sticky Flame      |       |       |       |     1 ||     1
  Use: Scroll            |       |       |    14 |       ||    14
       Potion            |       |       |       |     1 ||     1
 Stab: Sleeping          |       |       |     6 |       ||     6
Armor: Skin              |     1 |     3 |    35 |     4 ||    43
Dodge: Dodged            |    14 |    10 |    65 |     7 ||    96

Table legend: (Time is in decaauts)
 A = Elapsed time spent in this place.
 B = Non-inter-level travel time spent in this place.
 C = Inter-level travel time spent in this place.
 D = Time resting spent in this place.
 E = Time spent auto-exploring this place.
 F = Levels seen in this place.
 G = Mean time per level.
                   A        B        C        D        E       F      G
               +--------+--------+--------+--------+--------+-----+--------+
         Total |   8490 |   8226 |    264 |    628 |   6137 |  10 |  849.0 |
       Dungeon |   8105 |   7848 |    257 |    618 |   5895 |   8 | 1013.1 |
        Temple |     14 |      7 |      7 |      0 |      0 |   1 |   14.0 |
       Ossuary |    370 |    370 |      0 |     10 |    242 |   1 |  370.0 |
               +--------+--------+--------+--------+--------+-----+--------+

Top non-repeatable levels by time:
     D:7: 1555 daAuts
     D:5: 1303 daAuts
     D:3: 1191 daAuts
     D:2: 1177 daAuts
     D:4: 985 daAuts
     D:6: 976 daAuts
     D:1: 890 daAuts
 Ossuary: 370 daAuts
     D:8: 25 daAuts
  Temple: 14 daAuts
